 Dungeon Crawl Stone Soup version 0.20.1-1-g8b1a95d (webtiles) character file.

62 Jeelzebub the Sneak (level 4, -5/28 HPs)
             Began as an Octopode Transmuter on Aug 16, 2017.
             Was a Follower of Qazlal.
             Slain by Sharkman1231's ghost (8 damage)
             ... on level 3 of the Dungeon.
             The game lasted 00:03:25 (1806 turns).

Jeelzebub the Sneak (Octopode Transmuter)           Turns: 1806, Time: 00:03:25

Health: -5/28      AC:  1    Str:  9    XL:     4   Next: 8%
Magic:  16/16      EV: 12    Int: 16    God:    Qazlal [*.....]
Gold:   118        SH:  1    Dex: 12    Spells: 3/7 levels left

rFire    . . .     SeeInvis .   (no weapon)
rCold    . . .     Gourm    .   (no shield)
rNeg     . . .     Faith    .   (helmet restricted)
rPois    .         Spirit   .   (no amulet)
rElec    .         Reflect  .   d - ring of magical power
rCorr    +         Harm     .   j - ring of resist corrosion
MR       .....                  (no ring)
Stlth    ++........             (no ring)
Regen    0.1/turn               (no ring)
MPRegen  0.2/turn               (no ring)
                                (no ring)
                                (no ring)

@: very heavily drained
A: almost no armour, stealthy swim, amphibious, 8 rings, constrict 8, camouflage
1, gelatinous body 1
a: Renounce Religion


You were on level 3 of the Dungeon.
You worshipped Qazlal.
Qazlal was aware of your devotion.
You were not hungry.

You visited 1 branch of the dungeon, and saw 4 of its levels.

You collected 118 gold pieces.

Inventory:

Missiles
 a - 99 arrows
Jewellery
 d - a ring of magical power (left tentacle)
 j - a ring of resist corrosion (right tentacle)
Scrolls
 e - a scroll of magic mapping {unknown}
 h - a scroll of immolation
Potions
 i - a potion of curing
Books
 b - a book of Changes

   Spells                             Type                      Level
   a - Beastly Appendage              Transmutation                1
   b - Sticks to Snakes               Transmutation                2
   c - Spider Form                    Transmutation/Poison         3
   d - Ice Form                       Ice/Transmutation            4
   e - Blade Hands                    Transmutation                5
Comestibles
 c - 2 bread rations
 f - 2 meat rations
 g - a fruit
 k - 2 chunks of flesh


   Skills:
 - Level 1.0(0.0) Fighting
 - Level 2.0(0.0) Dodging
 - Level 4.1(0.5) Stealth
 - Level 3.0(0.0) Unarmed Combat
 - Level 2.0(0.0) Spellcasting
 - Level 2.0(0.0) Transmutations
 + Level 2.3(0.0) Poison Magic


You had 3 spell levels left.
You knew the following spells:

 Your Spells              Type           Power        Failure   Level  Hunger
a - Beastly Appendage     Tmut           #.....       26%         1    ##.....
b - Spider Form           Tmut/Pois      #.........   58%         3    ####...


Dungeon Overview and Level Annotations

Branches:
Dungeon (4/15)
 Temple: D:4-7

Altars:
Qazlal

Annotations:
D:3 Ijyb; Sharkman1231's ghost, amateur DsAK


Innate Abilities, Weirdness & Mutations

You cannot wear most types of armour.
You are very stealthy in the water. (Stealth+)
You are amphibious.
You can wear up to eight rings at the same time.
You can use your tentacles to constrict eight enemies at once.
Your skin changes colour to match your surroundings (Stealth+).
Your rubbery body absorbs attacks. (AC +1, EV +1)


Message History

You closely miss the bat. Your grab misses the bat.
Your squeeze misses the bat.
The bat is moderately wounded.
The bat hits you. You block the bat's attack. The bat misses you.
You barely miss the bat. Your grab misses the bat. You squeeze the bat.
You kill the bat!
Qazlal accepts your kill.
Okay, then.
You tentacle-slap Sharkman1231's ghost but do no damage.
Sharkman1231's ghost hits you.
You feel drained.
You closely miss Sharkman1231's ghost.
Sharkman1231's ghost completely misses you.
You tentacle-slap Sharkman1231's ghost but do no damage.
Your squeeze misses Sharkman1231's ghost.
Sharkman1231's ghost hits you.
You feel drained.
You closely miss Sharkman1231's ghost. Sharkman1231's ghost hits you!
* * * LOW HITPOINT WARNING * * *
You feel drained.
You closely miss Sharkman1231's ghost. Sharkman1231's ghost hits you!
You die...

#.....#.#....#.##. #.
#.....#.##...#.##. #.
#............#.##. #.
#..........#.#..#. #.
#######............#..#. #.
#....##..........#.#..#. #.
#....##.................
##.#######....########...........
...............W@...............>
.....#####....########.........##
.....## #....# #..........##
......# ###### #............
......############ #............
......##.........# #......###...
...$..##.#######.####......# #...
......##.##................# #...
......##.##..........####### #...


You could see Sharkman1231's ghost.

Vanquished Creatures
  2 adders
  An ooze (D:3)
  A worm (D:3)
  2 dart slugs
  An orc (D:3)
  4 bats
  2 giant cockroaches (D:1)
  2 goblins (D:1)
  6 hobgoblins
  2 jackals (D:1)
  4 frilled lizards
  2 kobolds
  3 rats (D:1)
32 creatures vanquished.

Notes
Turn   | Place    | Note
-------+----------+-------------------------------------------
     0 | D:1      | Jeelzebub the Octopode Transmuter began the quest for the Orb.
     0 | D:1      | Reached XP level 1. HP: 13/13 MP: 3/3
    27 | D:1      | Reached skill level 1 in Stealth
   119 | D:1      | Reached skill level 2 in Stealth
   149 | D:1      | Reached XP level 2. HP: 13/18 MP: 5/5
   275 | D:1      | Reached skill level 3 in Stealth
   641 | D:3      | Reached skill level 4 in Stealth
   641 | D:3      | Reached XP level 3. HP: 12/23 MP: 6/6
   897 | D:3      | Learned a level 3 spell: Spider Form
   962 | D:3      | Noticed Sharkman1231's ghost (amateur DsAK)
  1033 | D:4      | Reached skill level 1 in Poison Magic
  1328 | D:4      | Noticed a phantom
  1341 | D:4      | Noticed an ogre
  1404 | D:3      | Found a faded altar of an unknown god.
  1415 | D:3      | Became a worshipper of Qazlal Stormbringer
  1415 | D:3      | Reached * piety under Qazlal
  1737 | D:3      | Reached XP level 4. HP: 24/28 MP: 7/7
  1779 | D:3      | Noticed an ice beast
  1781 | D:3      | Noticed Ijyb
  1806 | D:3      | Slain by Sharkman1231's ghost

Skill      XL: |  1  2  3 |
---------------+----------+-----
Stealth        | 2 4 |  4.1
Poison Magic   | 2 |  2.3
Fighting       | |  1.0
Dodging        | |  2.0
Unarmed Combat | |  3.0
Spellcasting   | |  2.0
Transmutations | |  2.0

Action                   |  1- 3 |  4- 6 || total
-------------------------+-------+-------++-------
Melee: Unarmed           |   104 |    13 ||   117
       Constrict         |    20 |     1 ||    21
       Tentacles         |    16 |     2 ||    18
 Cast: Spider Form       |     2 |       ||     2
  Use: Potion            |     3 |       ||     3
       Scroll            |     1 |       ||     1
 Stab: Sleeping          |    10 |       ||    10
  Eat: Bread ration      |     1 |       ||     1
Armor: Skin              |     5 |     5 ||    10
Dodge: Dodged            |    57 |    11 ||    68
Block: Other             |       |     1 ||     1
